[Event "1st Goa GM Open 2018"]
[Site "Taleigao"]
[Date "2018.10.13"]
[Round "1"]
[White "Idani, Pouya"]
[Black "Sa, Kannan"]
[Result "1-0"]
[ECO "C40"]
[WhiteElo "2588"]
[BlackElo "1977"]
[Annotator "RC"]
[PlyCount "59"]
[EventDate "2018.10.13"]
[EventType "swiss"]
[EventCountry "IND"]
[SourceTitle "playchess.com"]
[Source "ChessBase"]
[SourceQuality "1"]
[TimeControl "5400+30"]

1. e4 e5 2. Nf3 Qe7 3. Nc3 c6 4. Bc4 d6 5. O-O h6 6. d4 Nf6 7. a4 Bg4 8. Be3 Nbd7 9. Re1 g6 10. a5 Bg7 11. d5 c5 12. a6 b6 13. Bb5 O-O 14. h3 Bxf3 15. Qxf3 Nb8 16. b4 cxb4 17. Na2 Nfd7 18. Nxb4 Nc5 19. Bxc5 dxc5 20. d6 Qe6 21. Nd5 Qxd6 22. Red1 Kh7 23. Qa3 Rc8 24. Qa4 h5 25. c3 Bf8 26. Rd3 c4 27. Rf3 f5 28. Rd1 Rc5 29. Ne3 Qc7 30. exf5 1-0

[Event "1st Goa GM Open 2018"]
[Site "Taleigao"]
[Date "2018.10.14"]
[Round "2"]
[White "Amonatov, Farrukh"]
[Black "Mehdi Hasan Parag"]
[Result "1-0"]
[ECO "B12"]
[WhiteElo "2615"]
[BlackElo "2209"]
[Annotator "ChessBase"]
[PlyCount "55"]
[EventDate "2018.10.13"]
[EventType "swiss"]
[EventCountry "IND"]
[SourceTitle "playchess.com"]
[Source "ChessBase"]
[SourceQuality "1"]
[TimeControl "5400+30"]

1. e4 c6 2. d4 d5 3. e5 c5 4. dxc5 e6 5. Qg4 Nd7 6. Bb5 Qc7 7. Nf3 Qxc5 8. Nc3 a6 9. Bd3 Qc7 10. Bf4 Ne7 11. O-O Nc5 12. Be2 Ng6 13. Bg3 Be7 14. h4 h5 15. Qd4 Qc6 16. a4 Bd7 17. Rfd1 Rc8 18. Qe3 b6 19. Ng5 a5 20. Nb5 Ra8 21. c4 Bxg5 22. hxg5 h4 23. Nd6+ Ke7 24. cxd5 exd5 25. Bb5 Qc7 26. e6 hxg3 27. exd7+ Kxd6 28. Rxd5+ {[%emt 0:00:12] Ke7 Rdd1+} 1-0

[Event "1st Goa GM Open 2018"]
[Site "Taleigao"]
[Date "2018.10.14"]
[Round "2"]
[White "Vardan Nagpal"]
[Black "Lokesh, N.."]
[Result "1-0"]
[ECO "A46"]
[WhiteElo "2433"]
[BlackElo "2104"]
[Annotator "ChessBase"]
[PlyCount "93"]
[EventDate "2018.10.13"]
[EventType "swiss"]
[EventCountry "IND"]
[SourceTitle "playchess.com"]
[Source "ChessBase"]
[SourceQuality "1"]
[TimeControl "5400+30"]

1. d4 Nf6 2. Nf3 e6 3. Bf4 d5 4. e3 c5 5. c3 Nc6 6. Nbd2 Bd6 7. Bg3 O-O 8. Bb5 Ne7 9. Bd3 Nf5 10. Bxf5 exf5 11. Bxd6 Qxd6 12. dxc5 Qxc5 13. O-O Qc7 14. Nb3 f4 15. exf4 Qxf4 16. Qd2 Qxd2 17. Nfxd2 Bf5 18. Rfe1 Rfe8 19. Nf1 a5 20. Rxe8+ Nxe8 21. Ne3 Be6 22. a4 Nd6 23. Rd1 Nc4 24. Nxc4 dxc4 25. Nc5 Rb8 26. Rd6 b6 27. Na6 Re8 28. Rxb6 Bd7 29. f3 Bxa4 30. Kf2 Kf8 31. Nc5 Bd1 32. Rd6 Bc2 33. Rd4 Bb3 34. Nd7+ Ke7 35. Nb6 Rb8 36. Nd5+ Ke6 37. Ne3 Ba2 38. Rd2 Rc8 39. Ke2 Bb1 40. Rd4 Rb8 41. Nxc4 Ba2 42. Nxa5 Rxb2+ 43. Rd2 Rxd2+ 44. Kxd2 Kd5 45. Kc2 Kc5 46. Nb3+ Kd5 47. Kb2 1-0

[Event "1st Goa GM Open 2018"]
[Site "Taleigao"]
[Date "2018.10.14"]
[Round "2"]
[White "Dhulipalla Bala Chandra Prasa"]
[Black "Srihari L R"]
[Result "1/2-1/2"]
[ECO "D71"]
[WhiteElo "2380"]
[BlackElo "2170"]
[Annotator "NA"]
[PlyCount "31"]
[EventDate "2018.10.13"]
[EventType "swiss"]
[EventCountry "IND"]
[SourceTitle "playchess.com"]
[Source "ChessBase"]
[SourceQuality "1"]
[TimeControl "5400+30"]

1. d4 Nf6 2. c4 g6 3. g3 Bg7 {Predecessor:} 4. Bg2 $146 O-O 5. Nc3 Nc6 6. Nf3 d5 7. cxd5 Nxd5 8. O-O e5 9. Nxd5 e4 10. Nd2 Qxd5 11. e3 f5 12. b3 Be6 13. Ba3 Rfd8 14. Rc1 Qd7 15. Qc2 Rac8 16. Rfd1 {0-1 (91) Duda,J (2737)-Grischuk,A (2766) chess.com INT 2018} 1/2-1/2

[Event "1st Goa GM Open 2018"]
[Site "Taleigao"]
[Date "2018.10.14"]
[Round "2"]
[White "Manigandan, S S"]
[Black "Kasparov, Sergey"]
[Result "0-1"]
[ECO "A57"]
[WhiteElo "2120"]
[BlackElo "2453"]
[Annotator "ChessBase"]
[PlyCount "112"]
[EventDate "2018.10.13"]
[EventType "swiss"]
[EventCountry "IND"]
[SourceTitle "playchess.com"]
[Source "ChessBase"]
[SourceQuality "1"]
[TimeControl "5400+30"]

1. d4 Nf6 2. c4 c5 3. d5 b5 4. cxb5 a6 5. Nc3 axb5 6. e4 b4 7. Nb5 d6 8. a4 g6 9. Qc2 Bg7 10. Nf3 O-O 11. Be2 Nbd7 12. O-O Nb6 13. Bd2 b3 14. Qxb3 Nxe4 15. Bc3 Nxc3 16. bxc3 Bb7 17. Rfd1 Qd7 18. Ra3 Ra5 19. c4 Rfa8 20. Rb1 Rxa4 21. Rxa4 Rxa4 22. Qc2 Ra6 23. h4 Bc8 24. Nbd4 Bb7 25. h5 Qe8 26. Nb5 Qd8 27. Ng5 Bc8 28. Bd3 Bf6 29. Ne4 Nd7 30. hxg6 hxg6 31. g3 Ne5 32. Nxf6+ exf6 33. Be4 f5 34. Bg2 Qf6 35. Nc7 Ra7 36. Nb5 Rb7 37. Qa4 Re7 38. Qa8 Re8 39. Nc7 Rf8 40. Rb8 Qd8 41. Nb5 Nd7 42. Nxd6 Nxb8 43. Qxb8 Ba6 44. Qxd8 Rxd8 45. Nb5 Bxb5 46. cxb5 c4 47. Kf1 Rb8 48. d6 Rxb5 49. d7 Rb8 50. Ke2 Kf8 51. Bd5 Rd8 52. Bc6 Ke7 53. Ke3 Rb8 54. Kd4 Rb2 55. Bd5 Rxf2 56. Bxf7 Kxf7 0-1

[Event "1st Goa GM Open 2018"]
[Site "Taleigao"]
[Date "2018.10.14"]
[Round "3"]
[White "Idani, Pouya"]
[Black "Anuj Shrivatri"]
[Result "1-0"]
[ECO "E62"]
[WhiteElo "2588"]
[BlackElo "2345"]
[Annotator "ChessBase"]
[PlyCount "157"]
[EventDate "2018.10.13"]
[EventType "swiss"]
[EventCountry "IND"]
[SourceTitle "playchess.com"]
[Source "ChessBase"]
[SourceQuality "1"]
[TimeControl "5400+30"]

1. d4 Nf6 2. c4 g6 3. g3 Bg7 4. Bg2 O-O 5. Nf3 d6 6. Nc3 c6 7. O-O Qa5 8. h3 e5 9. e4 Nbd7 10. Be3 Nb6 11. Qd3 exd4 12. Bxd4 Qa6 13. b3 d5 14. exd5 cxd5 15. Nb5 dxc4 16. bxc4 Qa4 17. Qb3 Bd7 18. Qxa4 Nxa4 19. Nxa7 b6 20. Nb5 Bxb5 21. cxb5 Nd7 22. Bxg7 Kxg7 23. Nd4 Ra5 24. Rfc1 Nac5 25. Rc2 Ra4 26. Rd1 Ne5 27. Nc6 Ned3 28. Bf1 Nb4 29. Nxb4 Rxb4 30. Rd6 Rb8 31. Bc4 Ra4 32. Kg2 Rb4 33. Rc6 h6 34. Rc7 Rb7 35. Rc6 Rb8 36. a3 Ra4 37. Rc7 Rb7 38. Rxb7 Nxb7 39. Bxf7 Nc5 40. Bd5 Rxa3 41. Re2 Rd3 42. Bc6 Kf6 43. Re8 Rd4 44. Rb8 Na4 45. Kf3 Rb4 46. Ke3 Rb2 47. Kd4 Rb4+ 48. Kd3 Kg7 49. Ra8 Kf6 50. Ra7 h5 51. h4 Ke6 52. Be8 Kf6 53. Rf7+ Ke5 54. Rg7 Nc5+ 55. Ke2 Ne4 56. Bxg6 Rb2+ 57. Kf3 Nxf2 58. Bxh5 Nh1 59. Be8 Rf2+ 60. Ke3 Ra2 61. Rg5+ Kf6 62. Bc6 Ra3+ 63. Kf4 Nf2 64. Rg8 Nd3+ 65. Ke4 Nc5+ 66. Kd4 Ra4+ 67. Ke3 Ra3+ 68. Kf2 Nd3+ 69. Kg2 Ra2+ 70. Kf1 Ke5 71. Re8+ Kf6 72. Re2 Ra1+ 73. Kg2 Ne1+ 74. Kh3 Nd3 75. Be4 Ne5 76. Rf2+ Kg7 77. Rf5 Nd7 78. Bc6 Nf6 79. g4 1-0

[Event "1st Goa GM Open 2018"]
[Site "Taleigao"]
[Date "2018.10.14"]
[Round "3"]
[White "Malakhatko, Vadim"]
[Black "Sahoo, Utkal Ranjan"]
[Result "1-0"]
[ECO "E07"]
[WhiteElo "2552"]
[BlackElo "2332"]
[Annotator "ChessBase"]
[PlyCount "148"]
[EventDate "2018.10.13"]
[EventType "swiss"]
[EventCountry "IND"]
[SourceTitle "playchess.com"]
[Source "ChessBase"]
[SourceQuality "1"]
[TimeControl "5400+30"]

1. c4 e6 2. g3 Nf6 3. Bg2 d5 4. Nf3 Be7 5. O-O Nbd7 6. d4 O-O 7. Nc3 c6 8. Nd2 b6 9. e4 Bb7 10. e5 Ne8 11. cxd5 exd5 12. Re1 Nc7 13. Nf1 f5 14. exf6 Bxf6 15. Bf4 Re8 16. Rxe8+ Nxe8 17. Qd3 Qe7 18. Ne3 Rd8 19. Nf5 Qb4 20. Qd2 Bc8 21. Re1 Nf8 22. a3 Qa5 23. Ne7+ Bxe7 24. Rxe7 Ng6 25. Qe3 Nf6 26. Rc7 Bd7 27. Rxd7 Rxd7 28. Qe6+ Rf7 29. Bd6 Qa6 30. Bh3 Qb7 31. Qe3 Nf8 32. f3 Qa8 33. b4 a5 34. b5 cxb5 35. Nxb5 Qc6 36. a4 Qc2 37. Nc3 h6 38. Bf1 Qb2 39. Bb5 Qa1+ 40. Kg2 Qb2+ 41. Ne2 Qc2 42. h4 Qg6 43. Ba3 N6d7 44. Nf4 Qc2+ 45. Kh3 g5 46. Nd3 Qc8 47. Kg2 gxh4 48. g4 Qc2+ 49. Kh3 Qd1 50. Ne1 Nf6 51. Bd6 N8h7 52. Bf4 Qb1 53. Bxh6 Qb4 54. Nd3 Qb1 55. Kxh4 Nf8 56. Kg3 Qh1 57. Ne5 Ne6 58. Nxf7 Kxf7 59. Bd3 Qd1 60. Bf4 Qxa4 61. Be5 Qd1 62. Bf5 Ng7 63. Bc8 Qc2 64. Qf4 Qc6 65. Bd7 Qxd7 66. Qxf6+ Kg8 67. Qxb6 a4 68. Qa6 Ne6 69. f4 Qe8 70. f5 Ng5 71. Qh6 Qe7 72. Kf4 a3 73. Qg6+ Kf8 74. Bd6 Nh3+ {[%emt 0:00:57] Ke4} 1-0

[Event "1st Goa GM Open 2018"]
[Site "Taleigao"]
[Date "2018.10.14"]
[Round "3"]
[White "Stany, G.A."]
[Black "Karthik Kumar Pradeep"]
[Result "1-0"]
[ECO "B47"]
[WhiteElo "2502"]
[BlackElo "2265"]
[Annotator "RC"]
[PlyCount "45"]
[EventDate "2018.10.13"]
[EventType "swiss"]
[EventCountry "IND"]
[SourceTitle "playchess.com"]
[Source "ChessBase"]
[SourceQuality "1"]
[TimeControl "5400+30"]

1. e4 c5 2. Nf3 e6 3. d4 cxd4 4. Nxd4 Nc6 5. Nc3 Qc7 6. f4 a6 7. Nxc6 bxc6 8. Bd3 d6 9. O-O Nf6 10. b3 Be7 11. Bb2 e5 12. Na4 O-O 13. Qf3 exf4 14. Qxf4 Ng4 15. Bc4 Bf6 16. Bxf6 Nxf6 17. Rad1 Rd8 18. e5 dxe5 19. Qxe5 Qa7+ 20. Qc5 Rxd1 21. Rxd1 Nd7 22. Qxa7 Rxa7 23. Nb6 1-0

[Event "1st Goa GM Open 2018"]
[Site "Taleigao"]
[Date "2018.10.14"]
[Round "3"]
[White "Fominyh, Alexander"]
[Black "Venkata Ramana, J."]
[Result "0-1"]
[ECO "E62"]
[WhiteElo "2405"]
[BlackElo "2086"]
[Annotator "NA"]
[PlyCount "94"]
[EventDate "2018.10.13"]
[EventType "swiss"]
[EventCountry "IND"]
[SourceTitle "playchess.com"]
[Source "ChessBase"]
[SourceQuality "1"]
[TimeControl "5400+30"]

1. d4 Nf6 2. Nf3 g6 3. g3 Bg7 4. Bg2 O-O 5. c4 d6 6. O-O c6 7. Nc3 Qa5 8. e4 e5 9. d5 cxd5 10. cxd5 b5 11. Nd2 b4 12. Nb3 Qd8 13. Ne2 a5 14. a3 Na6 15. axb4 axb4 16. Bd2 Bd7 $11 17. Nec1 Bb5 18. Re1 Nd7 19. Bf1 Bxf1 20. Rxf1 f5 21. Qe2 Nac5 22. Rxa8 Qxa8 23. Nxc5 Nxc5 24. exf5 gxf5 25. Qc4 Rc8 26. Be3 e4 27. Bxc5 Rxc5 28. Qxb4 Qxd5 29. Qb8+ Bf8 30. Ne2 Rb5 31. Qc8 Qb7 32. Rc1 Qxc8 33. Rxc8 Kf7 34. Rc7+ Kg8 35. Nd4 Rxb2 36. Nxf5 Rb1+ 37. Kg2 Rd1 38. g4 d5 39. Ne3 Rd2 40. Rd7 Bc5 41. Nxd5 Rxf2+ 42. Kg3 e3 43. Nf4 Rxf4 44. Kxf4 e2 45. Rd5 e1=Q 46. Rg5+ Kh8 47. h4 Qe2 0-1

[Event "1st Goa GM Open 2018"]
[Site "Taleigao"]
[Date "2018.10.14"]
[Round "3"]
[White "Anwesh, Upadhyaya"]
[Black "Ganesh, Bhat R."]
[Result "1-0"]
[ECO "E04"]
[WhiteElo "2381"]
[BlackElo "2176"]
[Annotator "NA"]
[PlyCount "61"]
[EventDate "2018.10.13"]
[EventType "swiss"]
[EventCountry "IND"]
[SourceTitle "playchess.com"]
[Source "ChessBase"]
[SourceQuality "1"]
[TimeControl "5400+30"]

1. d4 Nf6 2. c4 e6 3. g3 d5 4. Nf3 dxc4 5. Bg2 a6 6. O-O c5 7. dxc5 Qxd1 8. Rxd1 Bxc5 9. Ne5 Ra7 10. Nxc4 b5 11. Bf4 {LiveBook: 6 Partien} Rd7 12. Nbd2 bxc4 13. Bxb8 Bb7 14. Nxc4 Bxg2 15. Kxg2 Rxd1 16. Rxd1 (16. Rb1 Rc1 17. Rxc1 O-O 18. Rd1 Nd5 $2 ({Black should try} 18... Rxb8 $19 19. f4 h6) 19. Bf4 f6) 16... O-O 17. Bf4 Nd5 18. Kf3 f6 19. Bd6 Bxd6 $16 20. Nxd6 Rd8 21. Nc4 Rc8 22. b3 Kf8 23. Rd2 Ke7 24. e4 Nb4 25. Ke3 g5 26. f4 Nc6 27. a3 Nb8 28. Kd3 Nd7 29. b4 Nf8 30. a4 Ng6 31. Kc3 1-0

[Event "1st Goa GM Open 2018"]
[Site "Taleigao"]
[Date "2018.10.14"]
[Round "3"]
[White "Audi Ameya"]
[Black "Amonatov, Farrukh"]
[Result "0-1"]
[ECO "B90"]
[WhiteElo "2375"]
[BlackElo "2615"]
[Annotator "RC"]
[PlyCount "60"]
[EventDate "2018.10.13"]
[EventType "swiss"]
[EventCountry "IND"]
[SourceTitle "playchess.com"]
[Source "ChessBase"]
[SourceQuality "1"]
[TimeControl "5400+30"]

1. e4 c5 2. Nf3 d6 3. d4 cxd4 4. Nxd4 Nf6 5. Nc3 a6 6. Be3 e5 7. Nb3 Be7 8. f3 Be6 9. Qd2 O-O 10. O-O-O Nbd7 11. g4 b5 12. g5 Nh5 13. Nd5 Bxd5 14. exd5 f5 15. Rg1 f4 16. Bf2 Bxg5 17. Na5 Bh4 18. Nc6 Bxf2 19. Qxf2 Qb6 20. Qg2 Ndf6 21. Ne7+ Kh8 22. Bd3 Ra7 23. Ng6+ hxg6 24. Bxg6 Qe3+ 25. Kb1 e4 26. Qg5 Qxf3 27. Rdf1 Qh3 28. Bf5 Qe3 29. Qg6 f3 30. Re1 Qh6 0-1

[Event "1st Goa GM Open 2018"]
[Site "Taleigao"]
[Date "2018.10.14"]
[Round "3"]
[White "Pradeep Kumar R A"]
[Black "Sivuk, Vitaly"]
[Result "0-1"]
[ECO "A06"]
[WhiteElo "2279"]
[BlackElo "2545"]
[Annotator "ChessBase"]
[PlyCount "55"]
[EventDate "2018.10.13"]
[EventType "swiss"]
[EventCountry "IND"]
[SourceTitle "playchess.com"]
[Source "ChessBase"]
[SourceQuality "1"]
[TimeControl "5400+30"]

1. Nf3 d5 2. c4 Nc6 3. g3 d4 4. Bg2 e5 5. O-O Nf6 6. d3 Be7 7. b4 Nxb4 8. Nxe5 O-O 9. Nd2 Bd6 10. a3 Na6 11. Nef3 c5 12. Rb1 Rb8 13. Ng5 b6 14. Nge4 Nxe4 15. Nxe4 Bc7 16. f4 Bb7 17. f5 f6 18. Rf2 Be5 19. Qf1 Qc7 20. Bf3 Bc6 21. Bd2 Rbd8 22. Qh3 Nb8 23. Rg2 Rf7 24. Rf1 Nd7 25. Rgf2 h6 26. Qg2 Kf8 27. h4 Rc8 28. Bh5 0-1

[Event "1st Goa GM Open 2018"]
[Site "Taleigao"]
[Date "2018.10.15"]
[Round "4"]
[White "Anurag, Mhamal"]
[Black "Deshpande, Aniruddha"]
[Result "1-0"]
[ECO "A62"]
[WhiteElo "2495"]
[BlackElo "2213"]
[Annotator "ChessBase"]
[PlyCount "109"]
[EventDate "2018.10.13"]
[EventType "swiss"]
[EventCountry "IND"]
[SourceTitle "playchess.com"]
[Source "ChessBase"]
[SourceQuality "1"]
[TimeControl "5400+30"]

1. d4 Nf6 2. c4 c5 3. d5 e6 4. g3 exd5 5. cxd5 d6 6. Nc3 g6 7. Bg2 Bg7 8. Nf3 O-O 9. O-O Re8 10. Bf4 Nh5 11. Bg5 Qb6 12. Qc1 Nd7 13. h3 Ne5 14. Nxe5 Bxe5 15. g4 Nf6 16. e3 Nd7 17. Rb1 a6 18. Ne4 Qc7 19. f4 Bg7 20. f5 b5 21. Qe1 Bb7 22. fxg6 hxg6 23. Rd1 Rxe4 24. Bxe4 Re8 25. Rxf7 Kxf7 26. Qf2+ Nf6 27. Bxg6+ Kxg6 28. Qf5+ Kf7 29. Bxf6 Kg8 30. Rf1 Qf7 31. Qg5 Rf8 32. Rf5 Qxf6 33. Rxf6 Rxf6 34. Qh5 Rf7 35. g5 Re7 36. g6 Bc8 37. Qg5 Re8 38. h4 Bxb2 39. Qf4 Rf8 40. Qh6 Rf3 41. Kg2 Bg4 42. Qg5 Be5 43. Qxg4 Rg3+ 44. Qxg3 Bxg3 45. Kxg3 b4 46. Kf3 a5 47. Ke2 Kg7 48. h5 c4 49. Kd2 a4 50. e4 a3 51. Kc2 Kf6 52. e5+ dxe5 53. d6 e4 54. d7 Ke7 55. g7 1-0

[Event "1st Goa GM Open 2018"]
[Site "Taleigao"]
[Date "2018.10.17"]
[Round "6"]
[White "Vignesh N R"]
[Black "Swati Ghate"]
[Result "0-1"]
[ECO "A40"]
[WhiteElo "2447"]
[BlackElo "2215"]
[Annotator "RC"]
[PlyCount "146"]
[EventDate "2018.10.13"]
[EventType "swiss"]
[EventCountry "IND"]
[SourceTitle "playchess.com"]
[Source "ChessBase"]
[SourceQuality "1"]
[TimeControl "5400+30"]

1. d4 Nf6 2. c4 e6 3. g3 d5 4. Nf3 Bb4+ 5. Bd2 Be7 6. Bg2 c6 7. Qc2 O-O 8. O-O b6 9. Rd1 Nbd7 10. b3 Ba6 11. a4 Bd6 12. a5 Qe7 13. Bf4 Bb4 14. Bd2 Bd6 15. Bg5 h6 16. Bxf6 Nxf6 17. Nbd2 Bb4 18. axb6 axb6 19. e4 Bb7 20. e5 Nh7 21. Ne1 Qd7 22. c5 Ba6 23. Ra4 bxc5 24. Rda1 Qb7 25. dxc5 Bb5 26. Rxa8 Rxa8 27. Rc1 Ra5 28. Qb2 Ba6 29. Qd4 Nf8 30. Bf1 Bxf1 31. Nxf1 Bxe1 32. Rxe1 Qxb3 33. Ra1 Rxa1 34. Qxa1 Qb7 35. Qa5 Ng6 36. Qd8+ Kh7 37. Qd6 Qb2 38. f4 Qd4+ 39. Kg2 Qe4+ 40. Kf2 d4 41. h4 h5 42. Qd7 Kg8 43. Qd8+ Nf8 44. Qd6 f6 45. exf6 gxf6 46. Qe7 Qc2+ 47. Kg1 Qf5 48. Qd6 Qe4 49. Qe7 Qf5 50. Qd6 e5 51. Qxc6 e4 52. Qe8 Qe6 53. Qxh5 e3 54. Qe2 Nd7 55. f5 Qd5 56. c6 Qxc6 57. Qg4+ Kf7 58. Qxd4 e2 59. Qf2 exf1=Q+ 60. Qxf1 Ne5 61. Kh2 Qe4 62. Kh3 Ng4 63. Qc1 Nf2+ 64. Kh2 Qxf5 65. Kg2 Ng4 66. Qc4+ Kg7 67. Qc7+ Kg6 68. h5+ Qxh5 69. Qc8 Qh2+ 70. Kf3 Ne5+ 71. Ke3 Qxg3+ 72. Kd2 Qg2+ 73. Kc1 Qc6+ 0-1

[Event "1st Goa GM Open 2018"]
[Site "Taleigao"]
[Date "2018.10.17"]
[Round "6"]
[White "Karthik Kumar Pradeep"]
[Black "Neelotpal, Das"]
[Result "0-1"]
[ECO "A40"]
[WhiteElo "2265"]
[BlackElo "2436"]
[Annotator "RC"]
[PlyCount "104"]
[EventDate "2018.10.13"]
[EventType "swiss"]
[EventCountry "IND"]
[SourceTitle "playchess.com"]
[Source "ChessBase"]
[SourceQuality "1"]
[TimeControl "5400+30"]

1. d4 Nf6 2. c4 e6 3. g3 d5 4. Nf3 Bb4+ 5. Bd2 Be7 6. Bg2 O-O 7. O-O c6 8. b3 Nbd7 9. Nc3 b6 10. Bf4 Ba6 11. cxd5 cxd5 12. a4 Nh5 13. Bd2 Bb7 14. Qb1 Rc8 15. Rc1 a6 16. e3 Nhf6 17. Ne1 Bd6 18. Nd3 Qe7 19. Ne2 h5 20. Ra2 h4 21. Rac2 hxg3 22. hxg3 Ng4 23. b4 Rb8 24. Qa1 a5 25. Nc3 Ba6 26. Nb5 Bxb5 27. axb5 Ra8 28. bxa5 bxa5 29. e4 dxe4 30. Bxe4 Ra7 31. Rc6 Ngf6 32. Bg2 Nb8 33. R6c2 Nbd7 34. Rc6 Nb8 35. R6c2 Nbd7 36. Bc6 a4 37. Ra2 a3 38. Qb1 Ra4 39. Bc3 Nd5 40. Ba1 N7b6 41. Nc5 Rc4 42. Rxc4 Nxc4 43. Na6 Qg5 44. Qb3 Na5 45. Qd3 Nxc6 46. bxc6 Qc1+ 47. Kh2 Qxc6 48. Rc2 Qb7 49. Nc5 Qb1 50. Bc3 a2 51. Nxe6 fxe6 52. Qe2 Rf6 0-1

[Event "1st Goa GM Open 2018"]
[Site "Taleigao"]
[Date "2018.10.17"]
[Round "6"]
[White "Hari Madhavan N B"]
[Black "Fominyh, Alexander"]
[Result "1/2-1/2"]
[ECO "A32"]
[WhiteElo "2224"]
[BlackElo "2405"]
[Annotator "RC"]
[PlyCount "84"]
[EventDate "2018.10.13"]
[EventType "swiss"]
[EventCountry "IND"]
[SourceTitle "playchess.com"]
[Source "ChessBase"]
[SourceQuality "1"]
[TimeControl "5400+30"]

1. d4 Nf6 2. c4 c5 3. Nf3 cxd4 4. Nxd4 e6 5. g3 Qc7 6. b3 Bb4+ 7. Bd2 Bc5 8. e3 e5 9. Nb5 Qc6 10. Rg1 d5 11. Bg2 Be6 12. N1c3 Na6 13. cxd5 Nxd5 14. Bxd5 Bxd5 15. Nxd5 Qxd5 16. Nc3 Qe6 17. Qf3 O-O 18. Qd5 Qe7 19. Ke2 Rad8 20. Qe4 b5 21. Rgd1 Nc7 22. Be1 Qe6 23. Rxd8 Rxd8 24. Rd1 Rxd1 25. Kxd1 f5 26. Qb7 Bb6 27. e4 fxe4 28. Qxe4 h6 29. Qd3 Qc6 30. Ne4 Qd5 31. Qxd5+ Nxd5 32. Ke2 a6 33. Bc3 Nf6 34. Nxf6+ gxf6 35. g4 Kg7 36. f3 h5 37. h3 Kg6 38. Kd3 hxg4 39. hxg4 Kf7 40. Ke4 Ke6 41. Bb2 Bc7 42. Bc1 Bd6 1/2-1/2

[Event "1st Goa GM Open 2018"]
[Site "Taleigao"]
[Date "2018.10.17"]
[Round "6"]
[White "Senthil Maran K"]
[Black "Rakesh Kumar Jena"]
[Result "0-1"]
[ECO "A40"]
[WhiteElo "2216"]
[BlackElo "2388"]
[Annotator "NA RC"]
[PlyCount "7"]
[EventDate "2018.10.13"]
[EventType "swiss"]
[EventCountry "IND"]
[SourceTitle "playchess.com"]
[Source "ChessBase"]
[SourceQuality "1"]
[TimeControl "5400+30"]

1. d4 g6 2. c4 Bg7 3. g3 Kf8 $146 ({Predecessor:} 3... Nf6 4. Bg2 d5 5. cxd5 Nxd5 6. Nf3 c5 7. e4 Nf6 8. e5 Nfd7 9. e6 fxe6 10. Ng5 Nf6 11. dxc5 Qxd1+ 12. Kxd1 O-O 13. Ke2 Na6 14. Nc3 {½-½ (27) Ding,L (2777)-Li,C (2732) Riadh 2017}) 4. Bg2 0-1

[Event "1st Goa GM Open 2018"]
[Site "Taleigao"]
[Date "2018.10.17"]
[Round "6"]
[White "Michelle Catherina, P."]
[Black "Sai Agni Jeevitesh, J."]
[Result "1-0"]
[ECO "C11"]
[WhiteElo "2147"]
[BlackElo "2362"]
[Annotator "NA RC"]
[PlyCount "113"]
[EventDate "2018.10.13"]
[EventType "swiss"]
[EventCountry "IND"]
[SourceTitle "playchess.com"]
[Source "ChessBase"]
[SourceQuality "1"]
[TimeControl "5400+30"]

1. e4 e6 2. d4 d5 3. Nc3 Nf6 4. e5 Nfd7 5. Nce2 c5 6. c3 Nc6 7. f4 cxd4 8. cxd4 a5 {[%emt 0:00:35] C11: French: Classical System: 4 e5 and 4 Bg5 dxe4} (8... f6 9. Nf3 fxe5 10. fxe5 Bb4+ 11. Bd2 O-O 12. Bxb4 Nxb4 13. Qd2 a5 14. Nc3 Nb6 15. Be2 Nc4 16. Bxc4 dxc4 {0-1 (40) Shabalov,A (2585)-Ni,H (2710) Beijing 2008}) 9. Nf3 Nb6 10. g3 Bd7 11. Bh3 a4 12. O-O g6 13. Kh1 $146 ({Predecessor:} 13. f5 exf5 14. Nf4 Be6 15. g4 fxg4 16. Nxe6 fxe6 17. Bxg4 Qd7 18. Ng5 Nd8 19. Qf3 Bg7 20. Qh3 {1-0 (20) Havelka,J (1273)-Lenz,J (1083) LSS email 2013}) 13... Be7 (13... Nc4 $11) 14. Nc3 Rc8 15. Bd2 Na7 16. Qe2 Nc4 $1 17. Be1 b5 18. b3 Na3 19. Rf2 axb3 20. axb3 b4 21. Na2 Qb6 22. Rc1 ({Better is} 22. Qd1 $15) 22... Rxc1 23. Nxc1 Bb5 (23... O-O $17 24. Nd3 Rc8) 24. Qd1 Nc6 25. Rd2 h6 26. Nd3 Ba6 ({Don't go for} 26... Nxd4 $2 27. Bf2 $18) 27. Bf2 Nb5 28. Nc5 Nc3 29. Qa1 Na5 30. Rb2 Bb5 31. Be3 O-O 32. f5 exf5 33. Bxh6 Ra8 (33... Re8 $17 34. Bg2 Nc6) 34. Be3 $19 ({White should play} 34. g4 $15) 34... Qd8 35. Qe1 Be2 (35... Bxc5 $17 36. dxc5 Nc6) 36. Bg2 Nc6 37. Rxe2 Nxe2 38. Qxe2 Ra1+ 39. Ng1 Na5 40. Qb5 Bxc5 41. Qxc5 Nxb3 42. Qxb4 Na5 43. Qd6 Qxd6 44. exd6 Nb7 45. d7 Nd8 46. Bg5 Ra8 47. Bxd5 Rb8 48. Bf6 Rb5 49. Bc4 Rb8 50. Nf3 Rb1+ 51. Kg2 Rb2+ 52. Kh3 Rb7 53. Bxd8 Rxd7 54. Bf6 Rd6 55. Be5 Rc6 56. Bd5 Ra6 57. Ng5 1-0

[Event "1st Goa GM Open 2018"]
[Site "Taleigao"]
[Date "2018.10.17"]
[Round "7"]
[White "Malakhatko, Vadim"]
[Black "Anuj Shrivatri"]
[Result "0-1"]
[ECO "E97"]
[WhiteElo "2552"]
[BlackElo "2345"]
[Annotator "ChessBase"]
[PlyCount "80"]
[EventDate "2018.10.13"]
[EventType "swiss"]
[EventCountry "IND"]
[SourceTitle "playchess.com"]
[Source "ChessBase"]
[SourceQuality "1"]
[TimeControl "5400+30"]

1. d4 Nf6 2. c4 g6 3. Nc3 Bg7 4. e4 d6 5. Nf3 O-O 6. Be2 e5 7. O-O Nc6 8. d5 Ne7 9. a4 a5 10. Ne1 Nd7 11. Nd3 f5 12. f3 Kh8 13. Bg5 f4 14. Bh4 b6 15. Nb5 Nf6 16. Be1 g5 17. Nf2 h5 18. h3 Rf7 19. b4 Neg8 20. bxa5 bxa5 21. c5 Bf8 22. Na3 Rg7 23. Nc4 Nh6 24. Bc3 g4 25. fxg4 hxg4 26. hxg4 Nfxg4 27. Nxg4 Bxg4 28. Ra2 Qh4 29. Be1 Qh5 30. g3 Be7 31. Bf3 fxg3 32. Ne3 Rag8 33. Bxg4 Nxg4 34. Rf5 Qh3 35. Nxg4 Rxg4 36. Qf3 Rh4 37. Rd2 Qh2+ 38. Kf1 g2+ 39. Rxg2 Qh1+ 40. Ke2 Qxg2+ 0-1

[Event "1st Goa GM Open 2018"]
[Site "Taleigao"]
[Date "2018.10.17"]
[Round "7"]
[White "Ter-Sahakyan, Samvel"]
[Black "Babujian, Levon"]
[Result "0-1"]
[ECO "A48"]
[WhiteElo "2547"]
[BlackElo "2456"]
[Annotator "ChessBase"]
[PlyCount "96"]
[EventDate "2018.10.13"]
[EventType "swiss"]
[EventCountry "IND"]
[SourceTitle "playchess.com"]
[Source "ChessBase"]
[SourceQuality "1"]
[TimeControl "5400+30"]

1. Nf3 Nf6 2. d4 g6 3. e3 Bg7 4. Be2 O-O 5. O-O d6 6. a4 Nc6 7. a5 e5 8. a6 e4 9. Nfd2 bxa6 10. Bxa6 Bg4 11. Be2 h5 12. Nxe4 Nxe4 13. f3 f5 14. fxe4 fxe4 15. Nc3 Rf7 16. Rf2 Rxf2 17. Qe1 Rf1+ 18. Qxf1 Bxe2 19. Qxe2 d5 20. Ra6 Ne7 21. Bd2 c6 22. Na4 Qe8 23. c4 Kh7 24. Nc5 Nf5 25. b4 Bh6 26. b5 dxc4 27. Rxc6 Rb8 28. Rc7+ Kh8 29. Nd7 Qf7 30. Nxb8 Qxc7 31. Nc6 c3 32. Bxc3 Bxe3+ 33. Kh1 Kh7 34. Be1 Qf4 35. d5 h4 36. g4 hxg3 37. hxg3 Qf3+ 38. Qxf3 exf3 39. g4 Nd6 40. Bg3 Ne4 41. Kh2 f2 42. Bxf2 Bxf2 43. Kg2 Bc5 44. Kf3 Nd6 45. Kf4 Nxb5 46. Ke5 Kg7 47. Nd8 Bd6+ 48. Ke6 a5 0-1